 Dungeon Crawl Stone Soup version 0.29.1-4-g47bece8355 (webtiles) character file.

Game seed: 7885833873263266576

2831 firemarshallily the Spear-Bearer (level 9, 0/77 HPs)
             Began as a Merfolk Gladiator on Dec 9, 2022.
             Was a Follower of Hepliaklqana.
             Slain by Maurice
             ... wielding a +0 short sword
              (4 damage)
             ... on level 8 of the Dungeon.
             The game lasted 00:19:20 (6559 turns).

firemarshallily the Spear-Bearer (MfGl)             Turns: 6559, Time: 00:19:20

Health: 0/77       AC:  8    Str: 22    XL:     9   Next: 73%
Magic:  9/9        EV: 12    Int:  7    God:    Hepliaklqana [*.....]
Gold:   294        SH:  0    Dex: 14    Spells: 8/8 levels left

rFire   . . .      SeeInvis .   a - +0 trident (protect)
rCold   . . .      Faith    .   (no shield)
rNeg    + . .      Spirit   .   b - +0 leather armour
rPois   .          Reflect  .   c - +0 helmet
rElec   .          Harm     .   D - +2 cloak
rCorr   +          Rampage  .   r - +0 pair of gloves
Will    .....                   (no boots)
Stlth   +.........              (no amulet)
HPRegen 1.02/turn               y - ring of positive energy
MPRegen 0.11/turn               E - ring of resist corrosion

@: grasped by roots, attractive, constricted
A: reduced essence, (nimble swimmer 2), mertail, regeneration 1, robust 1,
strong 1, inability to drink after injury 1
a: Renounce Religion, Recall Ancestor, Ancestor Identity


You were on level 8 of the Dungeon.
You worshipped Hepliaklqana.
Hepliaklqana was aware of your devotion.
You visited 2 branches of the dungeon, and saw 9 of its levels.

You collected 612 gold pieces.
You spent 318 gold pieces at shops.

Inventory:

Hand Weapons
 a - a +0 trident of protection (weapon)
Missiles
 d - 2 throwing nets (quivered)
 e - a javelin
 i - 5 curare-tipped darts
 s - 2 silver javelins
 w - 8 poisoned darts
Armour
 b - a +0 leather armour (worn)
 c - a +0 helmet (worn)
 k - a +1 cloak
 r - a +0 pair of gloves (worn)
 D - a +2 cloak (worn)
Jewellery
 y - a ring of positive energy (left hand)
 E - a ring of resist corrosion (right hand)
Wands
 u - a wand of digging (2)
 C - a wand of paralysis (6)
 F - a wand of roots (11)
Scrolls
 h - 5 scrolls of amnesia
 n - a scroll of teleportation
 t - 2 scrolls of magic mapping
 v - 2 scrolls of blinking
 A - 2 scrolls of immolation
Potions
 f - a potion of magic
 j - 2 potions of haste
 l - a potion of attraction
 p - 2 potions of might
 x - a potion of flight


   Skills:
 * Level 9.4 Fighting
 * Level 11.5 Polearms
 - Level 2.0 Throwing
 + Level 8.6 Dodging


You had 8 spell levels left.
You didn't know any spells.
Your spell library contained the following spells:

 Spells                   Type           Power      Damage    Failure   Level
 Freeze                   Ice            0%         1d3       47%         1
 Frozen Ramparts          Ice            0%         1d1       85%         3
 Hailstorm                Conj/Ice       0%         3d3       99%         4


Dungeon Overview and Level Annotations

Branches:
Dungeon (8/15)             Temple (1/1) D:6
   Lair: D:8-11

Altars:
Ashenzari
Cheibriados
Dithmenos
Elyvilon
Fedhas
Gozag
Hepliaklqana
Kikubaaqudgha
Makhleb
Nemelex Xobeh
Okawaru
Qazlal
Ru
Sif Muna
Trog
Uskayaw
Vehumet
Wu Jian
Xom
Yredelemnul
Zin
The Shining One

Shops:
D:1 [   D:7 *(?

Annotations:
D:8 Maurice


Innate Abilities, Weirdness & Mutations

Your life essence is reduced to manifest your ancestor. (-10% HP)
((You are very nimble when in or above water. (Stealth+, EV+, Speed+++)))
Your lower body shifts to a powerful aquatic tail in water.
Your natural rate of healing is unusually fast.
You are robust. (+10% HP)
Your muscles are strong. (Str +4, Int/Dex -1)
You occasionally lose the ability to drink potions when taking damage.


Message History

Blink to where?
Press: ? - help, Dir - move target You escape the roots grasp.
As you read the scroll of blinking, it crumbles to dust.
The ettin changes into an ice dragon!
Something is attracted toward you. The shadow is attracted toward you.
Something is attracted toward you.
Deactivating autopickup; reactivate with Ctrl-A.
You miss something. Something hits you.
* * * LOW HITPOINT WARNING * * *
Something steals 1 of your 2 potions of magic!
The shadow is attracted toward you.
Blink to where?
Press: ? - help, Dir - move target
As you read the scroll of blinking, it crumbles to dust.
You can drink potions again.
The shadow slips into darkness.
The shadow flickers and vanishes!
Something is attracted toward you. x2
Okay, then.
It was a potion of flight.
You feel very buoyant.
You fly up into the air.
You hear a zap.
The roots erupt in riotous growth!
The grasping roots grab you!
You are constricted.
* * * LOW HITPOINT WARNING * * *
Something is attracted toward you. x2
It was a potion of invisibility.
You fade into invisibility!
Something hits you.
* * * LOW HITPOINT WARNING * * *
Something steals 1 of your 3 throwing nets!
You are constricted.
Something is attracted toward you.
It was a potion of cancellation.
Your magical effects are unravelling.
You feel magically purged.
You float gracefully downwards.
You flicker back into view.
Something hits you.
You die...

.............#.___.####.#........
...###...###.#__.>_# ##.#.#.#.#.#
>............#_._.D###..#........
...##....###.#######..R.#.#.#.#.#
...##..### #.##.####....§........
.......#####.##.##.§.#####.......
...........R.##..§.### #.W.§...
...##......#####.{## ####..§~..
...###.###..###.@.#### #.....R..#
..###..####..........# #.....[#.#
.####..........####...........#..
.......###..#### ......?....##.
.......# ##.## ...#.#.#..# .
.......# #..####### .........# .
.......# ##.......) ..#.#.#.##
.......#####..###### .......
........#...).#


You could see the friendly Maria the ancestor.

Vanquished Creatures
  A sky beast (D:8)
  4 black bears
  3 ice beasts
  2 centaurs (D:8)
  2 kobold brigands
  5 bullfrogs
  A necrophage (D:7)
  2 scorpions
  5 wights (D:7)
  5 killer bees
  2 howler monkeys (D:8)
  3 hounds
  2 jellies (D:5)
  A gnoll bouda (D:7)
  An iguana (D:6)
  Natasha (thrice) (D:4)
  2 orc wizards (D:5)
  6 gnolls
  2 adders (D:4)
  A shadow imp (D:7)
  3 ufetubi
  A worm (D:4)
  5 dart slugs
  15 orcs
  6 ball pythons
  8 endoplasms
  5 giant cockroaches
  8 goblins
  7 hobgoblins
  5 jackals
  6 quokkas
  7 bats
  3 frilled lizards
  11 kobolds
  11 rats
154 creatures vanquished.

Vanquished Creatures (collateral kills)
  A centaur (D:8)
  A phantom (D:4)
  A killer bee (D:7)
  Crazy Yiuf (D:7)
  A gnoll (D:7)
5 creatures vanquished.

Vanquished Creatures (others)
  An ancestor (D:8)
1 creature vanquished.

Grand Total: 160 creatures vanquished

Notes
Turn   | Place    | Note
-------+----------+-------------------------------------------
     0 | D:1      | firemarshallily the Merfolk Gladiator began the quest for
                  | the Orb.
     0 | D:1      | Reached XP level 1. HP: 16/16 MP: 1/1
   217 | D:1      | Reached XP level 2. HP: 14/23 MP: 2/2
   698 | D:1      | Found Niteposhi's Antique Armour Shop.
   766 | D:1      | Gained mutation: Your body sometimes deteriorates upon
                  | taking damage. [potion of mutation]
   766 | D:1      | Gained mutation: Your flesh is heat resistant. (rF+)
                  | [potion of mutation]
   766 | D:1      | Gained mutation: You occasionally lose the ability to read
                  | scrolls when taking damage. [potion of mutation]
   816 | D:1      | Reached XP level 3. HP: 28/28 MP: 3/3
  1529 | D:2      | Found a faded altar of an unknown god.
  1700 | D:2      | Reached skill level 5 in Polearms
  1917 | D:2      | Reached XP level 4. HP: 34/35 MP: 4/4
  2581 | D:3      | Reached XP level 5. HP: 42/42 MP: 5/5
  2610 | D:3      | Found a bloodstained altar of Trog.
  2822 | D:4      | Noticed a phantom
  2835 | D:4      | Killed a phantom
  2836 | D:4      | Reached skill level 6 in Polearms
  2836 | D:4      | Reached skill level 5 in Dodging
  2932 | D:4      | Found a sparkling altar of Nemelex Xobeh.
  2932 | D:4      | Found a glowing silver altar of Zin.
  2933 | D:4      | Found an ancient bone altar of Kikubaaqudgha.
  3012 | D:4      | Reached XP level 6. HP: 47/49 MP: 6/6
  3020 | D:4      | Noticed Natasha
  3028 | D:4      | Killed Natasha
  3347 | D:4      | Found a broken altar of Ashenzari.
  3379 | D:4      | Noticed Natasha
  3395 | D:4      | Killed Natasha
  3396 | D:4      | Reached skill level 5 in Fighting
  3453 | D:4      | Noticed Natasha
  3462 | D:4      | Killed Natasha
  3499 | D:4      | Found a basalt altar of Yredelemnul.
  3720 | D:5      | Entered Level 5 of the Dungeon
  3814 | D:5      | Reached skill level 7 in Polearms
  3911 | D:5      | Reached XP level 7. HP: 56/56 MP: 7/7
  4170 | D:5      | Reached skill level 8 in Polearms
  4519 | D:5      | Reached XP level 8. HP: 48/65 MP: 8/8
  4876 | D:6      | Found a staircase to the Ecumenical Temple.
  4909 | Temple   | Entered the Ecumenical Temple
  4968 | Temple   | Became a worshipper of Hepliaklqana the Forgotten
  5047 | D:6      | Found a sacrificial altar of Ru.
  5110 | D:6      | Lost mutation: Your flesh is heat resistant. (rF+) [potion
                  | of mutation]
  5110 | D:6      | Lost mutation: Your body sometimes deteriorates upon taking
                  | damage. [potion of mutation]
  5110 | D:6      | Lost mutation: You occasionally lose the ability to read
                  | scrolls when taking damage. [potion of mutation]
  5110 | D:6      | Gained mutation: You are robust. (+10% HP) [potion of
                  | mutation]
  5110 | D:6      | Gained mutation: You occasionally lose the ability to drink
                  | potions when taking damage. [potion of mutation]
  5110 | D:6      | Gained mutation: Your natural rate of healing is unusually
                  | fast. [potion of mutation]
  5110 | D:6      | Gained mutation: Your muscles are strong. (Str +4, Int/Dex
                  | -1) [potion of mutation]
  5132 | D:6      | Found a radiant altar of Vehumet.
  5240 | D:6      | Reached skill level 9 in Polearms
  5352 | D:6      | Noticed a purple ugly thing
  5355 | D:6      | Noticed a gargoyle
  5529 | D:7      | Found Mauzocam's Magic Scroll Boutique.
  5613 | D:7      | Reached skill level 10 in Polearms
  5620 | D:7      | Reached XP level 9. HP: 64/80 MP: 9/9
  5742 | D:7      | Bought a scroll of identify for 26 gold pieces
  5742 | D:7      | Bought a scroll of blinking for 97 gold pieces
  5742 | D:7      | Bought a scroll of identify for 26 gold pieces
  5742 | D:7      | Bought 2 scrolls of immolation for 104 gold pieces
  5742 | D:7      | Bought a scroll of identify for 26 gold pieces
  5742 | D:7      | Bought a scroll of teleportation for 39 gold pieces
  5840 | D:7      | Found Nerchaif's Neck Hole.
  5871 | D:7      | Found Haqaodasm's Weapon Shoppe.
  5935 | D:7      | Reached * piety under Hepliaklqana
  6009 | D:7      | Found a runed translucent door.
  6010 | D:7      | Noticed Crazy Yiuf
  6110 | D:7      | Killed Crazy Yiuf
  6238 | D:8      | Reached skill level 11 in Polearms
  6257 | D:7      | HP: 3/76 [killer bee (7)]
  6257 | D:7      | HP: 1/76 [killer bee (2)]
  6425 | D:8      | Found a shimmering altar of Xom.
  6425 | D:8      | Found a shimmering altar of Xom.
  6425 | D:8      | Found a shimmering altar of Xom.
  6425 | D:8      | Found a shimmering altar of Xom.
  6425 | D:8      | Noticed a two-headed ogre
  6426 | D:8      | Found a shimmering altar of Xom.
  6426 | D:8      | Found a shimmering altar of Xom.
  6426 | D:8      | Found a shimmering altar of Xom.
  6426 | D:8      | Found a shimmering altar of Xom.
  6426 | D:8      | Found a shimmering altar of Xom.
  6426 | D:8      | Found a shimmering altar of Xom.
  6426 | D:8      | Found a shimmering altar of Xom.
  6428 | D:8      | Noticed an anaconda
  6428 | D:8      | a two-headed ogre changed into an anaconda
  6475 | D:8      | Noticed a wolf spider
  6522 | D:8      | Noticed Maurice
  6552 | D:8      | Noticed an ettin
  6552 | D:8      | Noticed an ice dragon
  6552 | D:8      | an ettin changed into an ice dragon
  6555 | D:8      | HP: 2/77 [something (5)]
  6559 | D:8      | Slain by Maurice

Illustrated notes

Levels and vault maps discovered:
D:1:      saegor_arrival_simple_a, layout_basic, serial_shops,
          nicolae_square_shop
D:2:      layout_basic, nicolae_ecumenical_lake_church
D:3:      layout_rooms, trog_butcher_becter, kennysheep_cross_room
D:4:      layout_loops_ring, general_overflow_altar,
          nicolae_overflow_quartered_altars, hangedman_abyss_or_decor_stagger,
          minmay_misc_feat_hallway, uniq_natasha
D:5:      layout_basic
D:6:      layout_loops_ring, kennysheep_mini_moat,
          nicolae_ru_sacrificial_ziggurat, temple_statues, st_stairs_14,
          minmay_small_thing
D:7:      layout_rooms, serial_shops, shop, kennysheep_mini,
          nicolae_shop_sticking_my_neck_out, uniq_crazy_yiuf_cottage
D:8:      layout_rooms, xom_shifter_show, serial_glass, glass_columns_a,
          glass_columns_b, glass_columns_b, glass_columns_b, glass_columns_c,
          glass_columns_a, glass_columns_a, glass_columns_a, uniq_maurice
Temple:   cyrus_circular_temple

Skill      XL: |  1  2  3  4  5  6  7  8  9 |
---------------+----------------------------+-----
Fighting       | 3 4 5 6 8 9 |  9.4
Polearms       | 5 6 7 8 10 11 | 11.5
Dodging        | 5 6 7 8 |  8.6
Throwing       | |  2.0

Action                   |  1- 3 |  4- 6 |  7- 9 || total
-------------------------+-------+-------+-------++-------
Melee: Trident           |   161 |   191 |   346 ||   698
       Punch             |     1 |     2 |     5 ||     8
Invok: Ancestor Identity |       |       |     1 ||     1
  Use: Scroll            |     4 |     7 |    13 ||    24
       Potion            |     1 |       |    10 ||    11
 Stab: Sleeping          |     3 |     2 |     1 ||     6
       Distracted        |       |     1 |       ||     1
Armor: Leather armour    |    34 |    81 |   128 ||   243
Dodge: Dodged            |    80 |   112 |   296 ||   488
